 Dungeon Crawl Stone Soup version 0.18-a0-1639-g7533f42 (webtiles) character file.

130 wagjo the Covered (level 4, -4/41 HPs)
             Began as a Minotaur Fighter on Mar 26, 2016.
             Slain by Empheia's ghost (9 damage)
             ... on level 3 of the Dungeon on Mar 27, 2016.
             The game lasted 00:45:37 (2170 turns).

wagjo the Covered (Minotaur Fighter)                Turns: 2170, Time: 00:45:37

Health: -4/41      AC: 13    Str: 26    XL:     4   Next: 90%
Magic:  3/3        EV: 12    Int: 13    God:
Gold:   112        SH: 10    Dex: 15    Spells: 0 memorised, 3 levels left

rFire  + . .     SeeInvis .     a - +0 long sword
rCold  . . .     Gourm    .     K - +2 chain mail {rF+}
rNeg   . . .     Faith    .     c - +0 shield
rPois  .         Spirit   .     h - +2 hat
rElec  .         Dismiss  .     (no cloak)
rCorr  .         Reflect  .     (no gloves)
SustAt .         Harm     .     (no boots)
MR     .....                    (no amulet)
Stlth  ..........               (no ring)
                                M - +3 ring of intelligence

@: mighty, brilliant, agile, not resistant to hostile enchantments, extremely
unstealthy
A: retaliatory headbutt, horns 2
a: no special abilities


You were on level 3 of the Dungeon.
You were not hungry.

You visited 1 branch of the dungeon, and saw 3 of its levels.

You collected 112 gold pieces.

Inventory:

Hand Weapons
 a - a +0 long sword (weapon)
 k - a +2 dagger of speed
 l - a +0 club
 m - a +0 club
 n - a +0 club
 o - a +0 mace
 p - a +0 mace
 q - a +0 dagger
 r - a +0 whip
 s - a +0 club
 u - a +0 dagger
 v - a +0 dagger
 B - a +0 short sword
 J - a +0 hand axe
 N - a +0 club
 O - a +0 falchion
 R - a +0 dagger
 U - a +1 dagger of venom
Missiles
 i - 43 stones (quivered)
 L - 11 sling bullets
Armour
 b - a +0 scale mail
 c - a +0 shield (worn)
 g - a +0 robe
 h - a +2 hat (worn)
 w - a +0 robe
 D - a +0 robe
 I - a +0 robe
 K - a +2 chain mail of fire resistance (worn)
 P - a +0 leather armour
 T - a +0 ring mail
 V - a +0 robe
Jewellery
 M - a +3 ring of intelligence (left hand)
 Q - an uncursed ring of stealth {unknown}
Wands
 G - a wand of digging (24/24)
Scrolls
 y - a scroll of identify
Potions
 e - a potion of flight
 z - a potion of brilliance
 A - a potion of cure mutation
 H - a potion of invisibility
 S - a potion of lignification {unknown}
Comestibles
 f - 2 bread rations
 j - 2 fruits
 t - a meat ration
 C - a beef jerky
 E - a chunk of flesh


   Skills:
 + Level 4.5 Fighting
 + Level 2.9 Long Blades
 + Level 4.6 Armour
 + Level 1.8 Dodging
 + Level 0.3 Stealth
 + Level 4.4 Shields


You had 3 spell levels left.
You didn't know any spells.

Dungeon Overview and Level Annotations

Branches:
Dungeon (3/15)

Altars:
Kikubaaqudgha
Makhleb
Sif Muna
Vehumet
Xom

Annotations:
D:3 Empheia's ghost, amateur HOFi


Innate Abilities, Weirdness & Mutations

You reflexively headbutt those who attack you in melee.
You have a pair of horns on your head.


Message History

It was a potion of cure mutation.
It has a very clean taste.
Empheia's ghost hits you.
* * * LOW HITPOINT WARNING * * *
It was a potion of brilliance.
You feel clever all of a sudden. You block Empheia's ghost's attack.
It was a potion of curing.
You feel better. Empheia's ghost hits you!
* * * LOW HITPOINT WARNING * * *
Throwing (i - inventory):
i - 43 stones (quivered)
Press: ? - help, Shift-Dir - straight line, f - Empheia's ghost
Aim: Empheia's ghost (heavily damaged)
Okay, then.
It was a potion of agility.
You feel agile all of a sudden. Empheia's ghost hits you.
* * * LOW HITPOINT WARNING * * *
You slice Empheia's ghost!!
Empheia's ghost is almost destroyed.
Empheia's ghost hits you!
You die...

##########
#........######
#........##....
####........##....
#@W.........##....
##.##........##....
##...##.......##....
#.._..#........#....
#.8.8.#.........###รท
###+###.......#.....
#...#####..........
#...# #..........
#โ‰ˆโ‰ˆโ‰ˆ#
#..........


You could see Empheia's ghost.

Vanquished Creatures
  An orc wizard (D:3)
  Jessica (D:2)
  Terence (D:2)
  An ooze (D:2)
  A worm (D:2)
  2 dart slugs
  An orc (D:3)
  A ball python (D:1)
  6 bats
  3 giant cockroaches
  7 goblins
  5 hobgoblins
  2 giant newts
  5 kobolds
  5 rats
  2 bushes (D:2)
  5 plants (D:2)
49 creatures vanquished.

Notes
Turn   | Place    | Note
--------------------------------------------------------------
     0 | D:1      | wagjo the Minotaur Fighter began the quest for the Orb.
     0 | D:1      | Reached XP level 1. HP: 19/19 MP: 0/0
   391 | D:1      | Reached XP level 2. HP: 27/27 MP: 1/1
   874 | D:2      | Found an ancient bone altar of Kikubaaqudgha.
   933 | D:2      | Reached XP level 3. HP: 33/33 MP: 2/2
  1220 | D:2      | Found a radiant altar of Vehumet.
  1221 | D:2      | Found a shimmering altar of Xom.
  1255 | D:2      | Found a burning altar of Makhleb.
  1589 | D:2      | Noticed Jessica
  1607 | D:2      | Killed Jessica
  1607 | D:2      | Reached skill level 1 in Dodging
  1625 | D:2      | Noticed Terence
  1639 | D:2      | Killed Terence
  1639 | D:2      | Reached XP level 4. HP: 41/41 MP: 3/3
  2037 | D:3      | Upgraded the game from 0.18-a0-1637-g109f206 to 0.18-a0-1639-g7533f42
  2079 | D:3      | Found a deep blue altar of Sif Muna.
  2145 | D:3      | Noticed Empheia's ghost (amateur HOFi)
  2170 | D:3      | Slain by Empheia's ghost

Vault maps used:
D:1:      onia_arrival_pentagram
D:2:      lemuel_crystal_altar, gammafunk_temple_overflow_forgotten,
          uniq_terence, uniq_jessica
D:3:      led_sif_book, uniq_iyjb

Skill      XL: |  1  2  3 |
---------------+----------+-----
Fighting       | 4 |  4.5
Armour         | 4 |  4.6
Dodging        | 1 |  1.8
Shields        | 4 |  4.4
Long Blades    | |  2.9
Stealth        | |  0.3

Action                   |  1- 3 |  4- 6 || total
-------------------------+-------+-------++-------
Melee: Long sword        |   254 |    43 ||   297
  Use: Scroll            |     4 |     4 ||     8
       Potion            |       |     5 ||     5
  Eat: Chunk             |     2 |     1 ||     3
       Fruit             |     1 |     1 ||     2
